 Dungeon Crawl Stone Soup version 0.30-a0-540-g0af01429fa (webtiles) character file.

Game seed: 2558854832216219578

7759 drugrobin the Grappler (level 10, -8/83 HPs)
             Began as a Demigod Delver on Dec 26, 2022.
             Killed from afar by an efreet (28 damage)
             ... with a fireball
             ... on level 10 of the Dungeon.
             The game lasted 00:36:05 (11620 turns).

drugrobin the Grappler (Demigod Delver)            Turns: 11620, Time: 00:36:05

Health: -8/83      AC: 10    Str: 21    XL:     10   Next: 69%
Magic:  21/21      EV: 12    Int: 12    God:
Gold:   346        SH:  0    Dex: 25    Spells: 13/19 levels left

rFire   . . .      SeeInvis .      - Unarmed
rCold   . . .      Faith    .    (no shield)
rNeg    . . .      Spirit   .    T - +0 troll leather armour
rPois   .          Reflect  .    a - +1 helmet
rElec   .          Harm     .    y - +2 cloak
rCorr   .          Rampage  .    (no gloves)
Will    +....                    N - +0 pair of boots
Stlth   +++                      j - amulet of magic regeneration
HPRegen 1.13/turn                E - ring of wizardry
MPRegen 0.57/turn                G - +6 ring of dexterity

@: very slightly contaminated
A: high MP 1, forlorn, divine attributes
a: no special abilities


You were on level 10 of the Dungeon.
You visited 1 branch of the dungeon, and saw 10 of its levels.
You also visited: Sewer.

You collected 346 gold pieces.

Inventory:

Hand Weapons
 b - a +4 sling
 c - a +2 dagger of venom
Missiles
 C - 2 throwing nets
 H - 5 boomerangs
 K - a curare-tipped dart
 R - 5 poisoned darts
Armour
 a - a +1 helmet (worn)
 v - an orb of mayhem
 y - a +2 cloak (worn)
 N - a +0 pair of boots (worn)
 O - a +0 robe of willpower
 Q - a +0 buckler
 T - a +0 troll leather armour (worn)
Jewellery
 j - an amulet of magic regeneration (around neck)
 E - a ring of wizardry (left hand)
 G - a +6 ring of dexterity (right hand)
 L - a ring of flight
 S - a ring of poison resistance
Wands
 f - a wand of digging (3)
 i - a wand of flame (16)
 D - a wand of paralysis (8)
Scrolls
 d - 3 scrolls of magic mapping
 e - 10 scrolls of teleportation
 g - 7 scrolls of identify
 h - a scroll of butterflies
 k - 3 scrolls of enchant armour
 l - 4 scrolls of immolation {unknown}
 o - 3 scrolls of fog
 r - a scroll of torment
 u - 4 scrolls of enchant weapon
 x - a scroll of blinking
 I - a scroll of brand weapon {unknown}
 M - a scroll of poison {unknown}
 P - a scroll of fear
Potions
 m - a potion of resistance
 n - 2 potions of attraction {unknown}
 p - 4 potions of curing
 q - 2 potions of magic {unknown}
 s - 3 potions of flight {unknown}
 t - 2 potions of haste
 w - 3 potions of degeneration {unknown}
 z - 2 potions of cancellation {unknown}
 A - 3 potions of lignification {unknown}
 B - 2 potions of might
 F - a potion of invisibility {unknown}
 J - 2 potions of mutation {unknown}


   Skills:
 - Level 6.0 Fighting
 - Level 1.7 Dodging
 - Level 4.5 Stealth
 * Level 13.5 Unarmed Combat
 - Level 5.0 Spellcasting


You had 13 spell levels left.
You knew the following spells:

 Your Spells              Type           Power      Damage    Failure   Level
a - Call Canine Familiar  Summ           3%         N/A       26%         3
b - Stone Arrow           Conj/Erth      6%         3d7       26%         3

Your spell library contained the following spells:

 Spells                   Type           Power      Damage    Failure   Level
 Freeze                   Ice            12%        1d3       9%          1
 Sandblast                Erth           6%         2d5       9%          1
 Passwall                 Tmut/Erth      2%         N/A       14%         2
 Dazzling Flash           Conj/Hex       6%         N/A       26%         3
 Frozen Ramparts          Ice            6%         1d1       26%         3
 Hailstorm                Conj/Ice       3%         3d3       26%         3
 Ignite Poison            Fire/Tmut/Pois 3%         N/A       26%         3
 Kindle Blastsparks       Fire/Tloc/Air  6%         2d10      26%         3
 Portal Projectile        Hex/Tloc       6%         N/A       26%         3
 Airstrike                Air            1%         2d(1-17)  63%         4
 Leda's Liquefaction      Hex/Erth       1%         N/A       63%         4
 Summon Lightning Spire   Summ/Air       3%         N/A       63%         4
 Agony                    Necr           3%         N/A       91%         5
 Freezing Cloud           Conj/Ice/Air   1%         6-21      91%         5
 Lightning Bolt           Conj/Air       1%         1d12      91%         5
 Silence                  Hex/Air        1%         N/A       91%         5


Dungeon Overview and Level Annotations

Branches:
Dungeon (10/15)            Temple (0/1) D:7           Sewer (visited)
   Lair: D:8-11         Orc: D:9-12

Annotations:
D:9 exclusion: upstairs


Innate Abilities, Weirdness & Mutations

You have an increased reservoir of magic. (+10% MP)
You shall have no god before yourself.
Your divine heritage dramatically boosts your attributes as you level up.


Message History

You barely miss the efreet. You punch the efreet.
The efreet is almost dead.
The efreet gestures at you.
The fireball explodes!
The fireball engulfs you!!
* * * LOW HITPOINT WARNING * * *
The fireball engulfs the efreet.
The efreet completely resists.
Unknown command.
Unknown command.
Unknown command.
Unknown command.
Unknown command.
Unknown command.
Unknown command.
Unknown command.
Unknown command.
Unknown command.
Unknown command.
Unknown command.
Unknown command.
Unknown command.
Unknown command.
Unknown command.
Unknown command.
Unknown command.
Unknown command.
Unknown command.
Okay, then.
Unknown command.
Aiming: Paralyse
Press: ? - help, Shift-Dir - straight line, f/p - efreet
Aim: an efreet, wielding a +1 scimitar of flaming (severely wounded, chance to affect: 49%)
Okay, then.
Unknown command.
Unknown command.
Okay, then.
Okay, then.
It was a potion of curing.
You feel better. The efreet gestures at you.
The fireball explodes!
The fireball engulfs you!!
You die...

p8.......# Cg #.# #c
#.### ##.
##...###### ..
##.........## #!
##...........#
##.###..#..####...##
.....##...## ##...#
°....|##..# #@..#
.☼.....##.# ##R.#
..○.....#.## ##..#
...☼....#..# ##☼..#
....○...(.)####....#
.(......#..○#)<..###
........#..)R..###
.......##...####
......##...##


You could see an efreet.

Vanquished Creatures
  A centaur warrior (D:10)
  A two-headed ogre (D:9)
  An ugly thing (D:9)
  A cyclops (D:10)
  Joseph (D:7)
  A troll (D:9)
  Grinder (D:3)
  A vampire (D:9)
  4 yaks (D:9)
  3 wyverns
  A steam dragon (D:8)
  A water moccasin (D:4)
  An acid dragon (D:8)
  2 sky beasts
  2 orc warriors
  An ogre (D:5)
  3 black bears
  An ice beast (D:5)
  2 centaurs
  A boggart (D:10)
  A kobold brigand (D:10)
  8 bullfrogs
  2 scorpions
  A gnoll sergeant (D:5)
  10 wights
  The ghost of Squincus the Ruffian, a weakling DrTm (D:3)
  3 howler monkeys
  3 quasits (D:3)
  5 hounds
  4 orc priests
  3 iguanas
  Ijyb (D:3)
  6 orc wizards
  Natasha (D:2)
  Robin (D:3)
  12 adders
  5 gnolls
  5 river rats (Sewer)
  3 white imps
  3 ufetubi
  3 worms
  3 dart slugs
  26 orcs
  8 endoplasms
  15 giant cockroaches
  12 hobgoblins
  9 jackals
  7 quokkas
  12 ball pythons
  5 bats
  6 frilled lizards
  16 goblins
  12 kobolds
  30 rats
272 creatures vanquished.

Vanquished Creatures (collateral kills)
  A kobold brigand (D:7)
1 creature vanquished.

Grand Total: 273 creatures vanquished

Notes
Turn   | Place    | Note
-------+----------+-------------------------------------------
     0 | D:5      | drugrobin the Demigod Delver began the quest for the Orb.
     0 | D:5      | Reached XP level 1. HP: 18/18 MP: 3/3
   134 | D:4      | Noticed a hound
   147 | D:4      | Noticed a scorpion
   185 | D:4      | Noticed an iguana
   187 | D:4      | Found a glowing drain.
   191 | Sewer    | Entered a sewer
   230 | Sewer    | Reached skill level 2 in Unarmed Combat
   230 | Sewer    | Reached XP level 2. HP: 1/25 MP: 4/4
   478 | Sewer    | Reached skill level 3 in Unarmed Combat
   641 | Sewer    | Reached XP level 3. HP: 29/30 MP: 5/5
  1190 | Sewer    | Reached skill level 4 in Unarmed Combat
  1245 | Sewer    | Reached XP level 4. HP: 12/37 MP: 6/6
  1485 | Sewer    | Noticed a bullfrog
  1485 | Sewer    | Noticed a bullfrog
  1526 | Sewer    | Killed a bullfrog
  1527 | Sewer    | Reached skill level 5 in Unarmed Combat
  1527 | Sewer    | Reached XP level 5. HP: 21/42 MP: 7/7
  2213 | D:2      | Noticed Natasha
  2224 | D:2      | Killed Natasha
  2230 | D:2      | Reached skill level 6 in Unarmed Combat
  2349 | D:1      | Reached XP level 6. HP: 50/50 MP: 8/8
  3602 | D:3      | Found a transporter.
  3735 | D:3      | Noticed Squincus's ghost (weakling DrTm)
  3750 | D:3      | Found a transporter.
  3848 | D:3      | Noticed Grinder
  3869 | D:3      | Killed Grinder
  3870 | D:3      | Reached skill level 7 in Unarmed Combat
  4060 | D:3      | Noticed Ijyb
  4103 | D:3      | Noticed Robin
  4115 | D:3      | Killed Robin
  4394 | D:4      | Reached XP level 7. HP: 51/56 MP: 9/9
  5036 | D:4      | Reached skill level 8 in Unarmed Combat
  5465 | D:5      | Reached skill level 9 in Unarmed Combat
  5654 | D:5      | Reached XP level 8. HP: 61/62 MP: 10/10
  6135 | D:6      | Reached skill level 10 in Unarmed Combat
  6782 | D:3      | Killed Ijyb
  6899 | D:3      | Learned a level 3 spell: Call Canine Familiar
  6903 | D:3      | Learned a level 3 spell: Stone Arrow
  6927 | D:3      | Killed Squincus's ghost
  7712 | D:6      | Reached skill level 11 in Unarmed Combat
  7732 | D:6      | Reached skill level 1 in Spellcasting
  7942 | D:6      | Reached XP level 9. HP: 67/70 MP: 6/14
  8091 | D:7      | Noticed Joseph
  8107 | D:7      | Killed Joseph
  8344 | D:7      | Found a staircase to the Ecumenical Temple.
  9148 | D:8      | Reached skill level 12 in Unarmed Combat
 10165 | D:9      | Noticed a two-headed ogre
 10397 | D:9      | Noticed a skeletal warrior
 10760 | D:9      | Noticed a brown ugly thing
 10774 | D:9      | Killed a brown ugly thing
 10775 | D:9      | Reached skill level 5 in Fighting
 10775 | D:9      | Reached XP level 10. HP: 80/81 MP: 17/19
 10812 | D:9      | Killed a two-headed ogre
 11268 | D:9      | Reached skill level 13 in Unarmed Combat
 11362 | D:10     | Entered Level 10 of the Dungeon
 11443 | D:10     | Noticed a death knight
 11443 | D:10     | Noticed a cyclops
 11443 | D:10     | Noticed a centaur warrior
 11467 | D:10     | Killed a cyclops
 11468 | D:10     | Reached skill level 5 in Spellcasting
 11479 | D:10     | Noticed a catoblepas
 11555 | D:10     | Killed a centaur warrior
 11620 | D:10     | Killed from afar by an efreet

Illustrated notes

Levels and vault maps discovered:
D:1:      scummos_arrival_forest, layout_basic
D:2:      minmay_roachtagon, layout_rooms, basic_altar, uniq_natasha
D:3:      layout_loops_ring, chequers_ecumenical_altar_grove,
          gammafunk_ghost_stat_death, minmay_goblin_kobold_house, uniq_robin,
          uniq_grinder, uniq_ijyb
D:4:      layout_cave_pods, gup_sewer_entry_bowl
D:5:      layout_basic
D:6:      layout_gridville, minmay_fractal_squares_diagonal_5
D:7:      layout_basic, minmay_temple_entry_poolview, uniq_joseph
D:8:      layout_loops_ring
D:9:      layout_basic, minmay_overflow_temple_star_quad, grunt_qazlal_clouds,
          grunt_decor_fettered, minmay_ruined_shrine
D:10:     minmay_the_grid_octo_2x2 [minmay_the_grid_octo_empty,
          minmay_the_grid_octo_teeth, minmay_the_grid_octo_toaster,
          minmay_the_grid_octo_prize_square_snowflake], layout_layer_cave,
          gammafunk_ghost_ooze, nicolae_shop_firing_range

Skill      XL: |  1  2  3  4  5  6  7  8  9 10 |
---------------+-------------------------------+-----
Unarmed Combat | 2 3 4 5 6 7 9 11 12 13 | 13.5
Fighting       | 3 5 6 |  6.0
Spellcasting   | 1 3 5 |  5.0
Dodging        | |  1.7
Stealth        | |  4.5

Action                   |  1- 3 |  4- 6 |  7- 9 | 10-12 || total
-------------------------+-------+-------+-------+-------++-------
Melee: Unarmed           |   157 |   235 |   376 |    89 ||   857
       Punch             |     4 |     7 |    28 |    11 ||    50
 Fire: Sling             |       |    88 |    79 |       ||   167
Throw: Boomerang         |       |       |       |     4 ||     4
       Dart              |       |       |       |     1 ||     1
       Throwing net      |       |       |       |     1 ||     1
 Cast: Stone Arrow       |       |       |    19 |     1 ||    20
       Call Canine Famil |       |       |     3 |       ||     3
Evoke: Wand              |     1 |       |     6 |     1 ||     8
  Use: Scroll            |     1 |     6 |     3 |       ||    10
       Potion            |     1 |     1 |     2 |     1 ||     5
 Stab: Sleeping          |     1 |     3 |     4 |     1 ||     9
       Distracted        |       |     1 |     1 |     1 ||     3
       Paralysed         |       |       |    10 |     2 ||    12
       Held in net/web   |       |       |       |     1 ||     1
Armor: Leather armour    |    18 |    88 |   177 |       ||   283
       Steam dragon scal |       |       |     6 |     4 ||    10
       Troll leather arm |       |       |       |    18 ||    18
Dodge: Dodged            |    86 |   133 |   245 |    29 ||   493
Block: Buckler           |       |       |     3 |       ||     3

Table legend: (Time is in decaauts)
 A = Elapsed time spent in this place.
 B = Non-inter-level travel time spent in this place.
 C = Inter-level travel time spent in this place.
 D = Time resting spent in this place.
 E = Time spent auto-exploring this place.
 F = Levels seen in this place.
 G = Mean time per level.
                   A        B        C        D        E       F      G
               +--------+--------+--------+--------+--------+-----+--------+
         Total |  11690 |  10887 |    803 |   1876 |   5735 |  11 | 1062.7 |
       Dungeon |   9917 |   9114 |    803 |   1212 |   5518 |  10 |  991.7 |
         Sewer |   1773 |   1773 |      0 |    664 |    217 |   1 | 1773.0 |
               +--------+--------+--------+--------+--------+-----+--------+

Top non-repeatable levels by time:
   Sewer: 1773 daAuts
     D:4: 1507 daAuts
     D:8: 1392 daAuts
     D:3: 1227 daAuts
     D:5: 1106 daAuts
     D:6: 1090 daAuts
     D:9: 1071 daAuts
     D:7: 878 daAuts
     D:1: 854 daAuts
     D:2: 585 daAuts
    D:10: 203 daAuts
